 Dungeon Crawl Stone Soup version 0.29-a0-422-gafbd6decc1 (webtiles) character file.

Game seed: 10061195786061598295

669 xian the Vandal (level 7, -2/36 HPs)
             Began as a Vine Stalker Hunter on May 18, 2022.
             Was a Follower of Okawaru.
             Shot with an arrow by a centaur (7 damage)
             ... on level 5 of the Dungeon.
             The game lasted 00:16:22 (4066 turns).

xian the Vandal (Vine Stalker Hunter)               Turns: 4066, Time: 00:16:22

Health: -2/36      AC:  4    Str: 13    XL:     7   Next: 58%
Magic:  0/8        EV: 12    Int:  9    God:    Okawaru [*.....]
Gold:   374        SH:  0    Dex: 20    Spells: 6/6 levels left

rFire   . . .      SeeInvis .   n - +1 dagger (speed)
rCold   . . .      Faith    .   (no shield)
rNeg    . . .      Spirit   +   b - +0 leather armour
rPois   +          Reflect  .   (no helmet)
rElec   .          Harm     .   (no cloak)
rCorr   +          Rampage  .   r - +0 pair of gloves
Will    .....                   (no boots)
Stlth   ++........              q - amulet of the acrobat
HPRegen 0.92/turn               i - ring of poison resistance
MPRegen 0.11/turn               j - ring of resist corrosion

@: no status effects
A: fangs 2, regeneration 1, magic shield, antimagic bite, no potion heal 2
a: Renounce Religion, Heroism


You were on level 5 of the Dungeon.
You worshipped Okawaru.
Okawaru was aware of your devotion.
You visited 1 branch of the dungeon, and saw 5 of its levels.

You collected 374 gold pieces.

Inventory:

Hand Weapons
 a - a +1 hunting sling
 n - a +1 dagger of speed (weapon)
Missiles
 l - 10 poisoned darts
Armour
 b - a +0 leather armour (worn)
 r - a +0 pair of gloves (worn)
Jewellery
 i - a ring of poison resistance (left hand)
 j - a ring of resist corrosion (right hand)
 q - an amulet of the acrobat (around neck)
Scrolls
 c - a scroll of immolation
 m - a scroll of identify
 p - a scroll of enchant weapon {unknown}
 s - a scroll of teleportation
 v - a scroll of fear {unknown}
Potions
 d - a potion of cancellation {unknown}
 e - a potion of might {unknown}
 f - a potion of flight {unknown}
 g - 2 potions of heal wounds
 h - 2 potions of degeneration
 k - a potion of lignification {unknown}
 o - 3 potions of curing {unknown}
 t - a potion of haste {unknown}
 u - a potion of mutation {unknown}


   Skills:
 + Level 3.0 Fighting
 + Level 1.6 Short Blades
 + Level 6.7 Slings
 + Level 2.0 Armour
 + Level 2.3 Dodging
 + Level 1.5 Stealth


You had 6 spell levels left.
You didn't know any spells.
Your spell library contained the following spells:

 Spells                   Type           Power      Damage    Failure   Level
 Blink                    Tloc           0%         N/A       61%         2
 Lesser Beckoning         Tloc           0%         N/A       83%         3
 Manifold Assault         Tloc           0%         N/A       100%        5


Dungeon Overview and Level Annotations

Branches:
Dungeon (5/15)
 Temple: D:4-7

Altars:
Hepliaklqana
Okawaru
Qazlal

Shops:
D:2 !

Annotations:
D:3 4 runed translucent doors, Crazy Yiuf; avis's ghost, amateur HOWr


Innate Abilities, Weirdness & Mutations

You have extremely sharp teeth.
Your natural rate of healing is unusually fast.
When hurt, damage is shared between your health and your magic reserves.
Your bite disrupts and absorbs the magic of your enemies.
Potions cannot restore your health.


Message History

The howler monkey closely misses you.
You closely miss the howler monkey.
The howler monkey is heavily wounded.
The howler monkey barely misses you.
You barely miss the howler monkey.
The howler monkey is heavily wounded.
You hit the howler monkey.
You punch the howler monkey, but do no damage.
You bite the howler monkey, but do no damage.
The howler monkey is severely wounded.
The howler monkey hits you.
You hit the howler monkey.
The howler monkey is almost dead.
The howler monkey hoots and howls with incredible vigour!
You hear a howl!
You hear an angry hiss.
You hit the howler monkey.
You kill the howler monkey!
Okawaru accepts your kill.
A centaur comes into view.
A gnoll comes into view. It is wielding a +0 spear.
The centaur wields a +0 shortbow.
The centaur shoots an arrow.
The arrow misses you. The gnoll misses you.
The centaur shoots an arrow.
The arrow hits you!
The gnoll throws a throwing net.
The throwing net completely misses you. The gnoll hits you with a +0 whip.
Okay, then.
The centaur shoots an arrow.
The arrow hits you!
The centaur shoots an arrow.
The arrow hits you!
* * * LOW HITPOINT WARNING * * *
The gnoll completely misses you.
The centaur shoots an arrow.
The arrow hits you!
* * * LOW HITPOINT WARNING * * *
The gnoll misses you.
You hear a bark!
The centaur shoots an arrow.
The arrow completely misses you.
The centaur shoots an arrow.
The arrow barely misses you.
The centaur shoots an arrow.
The arrow misses you.
There is an escape hatch in the ceiling here.
The centaur shoots an arrow.
The arrow hits you!
You die...

#.#.#.#..#...........#
#
#.....####[...c..[...#
###......#†......#...#
######.#.#.##......#
########)#...#.....PP.
#......))(...# ...
#......(.....#
♣...........##
≈........g@.#
≈..≈≈....g..#
P...≈♣...g..#
.$.≈≈≈≈P≈...#
≈...≈≈≈≈P♣..#
..≈.≈≈≈≈≈≈###
...≈P≈≈≈≈♣ .≈≈≈≈≈≈♣♣


You could see a centaur and 3 gnolls.

Vanquished Creatures
  A phantom (D:4)
  A scorpion (D:4)
  A necrophage (D:4)
  2 howler monkeys (D:5)
  A hound (D:5)
  2 jellies (D:5)
  An orc priest (D:3)
  An iguana (D:5)
  An orc wizard (D:3)
  7 gnolls
  7 adders
  A white imp (D:3)
  An ufetubus (D:5)
  3 worms (D:2)
  2 dart slugs (D:2)
  8 orcs
  4 bats
  5 endoplasms
  4 giant cockroaches
  2 goblins
  A hobgoblin (D:1)
  10 jackals
  7 kobolds
  6 quokkas
  4 ball pythons
  3 frilled lizards
  4 rats
90 creatures vanquished.

Vanquished Creatures (others)
  3 plants (D:5)
3 creatures vanquished.

Grand Total: 93 creatures vanquished

Notes
Turn   | Place    | Note
-------+----------+-------------------------------------------
     0 | D:1      | xian the Vine Stalker Hunter began the quest for the Orb.
     0 | D:1      | Reached XP level 1. HP: 11/11 MP: 2/2
   596 | D:1      | Reached skill level 4 in Slings
   596 | D:1      | Reached XP level 2. HP: 5/15 MP: 1/3
  1218 | D:2      | Reached XP level 3. HP: 10/18 MP: 2/4
  1389 | D:2      | Found an iron altar of Okawaru.
  1455 | D:2      | Became a worshipper of Warmaster Okawaru
  1531 | D:2      | Gained mutation: Your natural rate of healing is unusually
                  | fast. [Vine Stalker growth]
  1531 | D:2      | Reached XP level 4. HP: 6/23 MP: 5/5
  1666 | D:2      | Found Atauzis's Distillery.
  2057 | D:3      | HP: 1/23 [orc wizard/+0 dagger (2)]
  2060 | D:3      | Reached skill level 5 in Slings
  2201 | D:3      | Found a runed translucent door.
  2202 | D:3      | Noticed Crazy Yiuf
  2308 | D:3      | Reached XP level 5. HP: 27/27 MP: 6/6
  2583 | D:3      | Found a runed translucent gate.
  2583 | D:3      | Found a runed translucent gate.
  2583 | D:3      | Found a runed translucent gate.
  2589 | D:3      | Noticed avis's ghost (amateur HOWr)
  2729 | D:3      | Reached skill level 1 in Armour
  3046 | D:4      | Reached * piety under Okawaru
  3427 | D:4      | Noticed a phantom
  3582 | D:4      | Reached XP level 6. HP: 27/32 MP: 4/7
  3657 | D:4      | Reached skill level 6 in Slings
  3679 | D:5      | Entered Level 5 of the Dungeon
  3699 | D:4      | Reached skill level 1 in Short Blades
  3712 | D:4      | Reached XP level 7. HP: 21/36 MP: 5/8
  3782 | D:4      | Found a hazy altar of Hepliaklqana.
  3784 | D:4      | Found a stormy altar of Qazlal.
  4066 | D:5      | Shot with an arrow by a centaur

Illustrated notes

Levels and vault maps discovered:
D:1:      eino_arrival_water_star, layout_basic
D:2:      layout_basic, serial_shops, shop, basic_altar,
          chequers_serial_rivers_micro_d, minmay_tetromino_s2
D:3:      layout_basic, gammafunk_ghost_necromancy, uniq_crazy_yiuf_cottage
D:4:      layout_loops_ring, jmf_multi_god_temple
D:5:      layout_basic, serial_shops, nicolae_shop_window_shopping,
          serial_bayou, serial_bayou_ford_a, serial_bayou_pond_a,
          serial_bayou_pond_d, serial_bayou_shore_a, minmay_chambers_of_fives

Skill      XL: |  1  2  3  4  5  6  7 |
---------------+----------------------+-----
Slings         | 4 5 6 |  6.7
Fighting       | 2 3 |  3.0
Armour         | 1 2 |  2.0
Short Blades   | 1 |  1.6
Dodging        | 2 |  2.3
Stealth        | |  1.5

Action                   |  1- 3 |  4- 6 |  7- 9 || total
-------------------------+-------+-------+-------++-------
Melee: Mace              |     6 |     1 |       ||     7
       Dagger            |       |    78 |    25 ||   103
       Bite              |       |    25 |     6 ||    31
       Punch             |       |     2 |     1 ||     3
 Fire: Hunting sling     |    85 |   125 |    51 ||   261
  Use: Scroll            |       |     5 |       ||     5
Armor: Leather armour    |    14 |    30 |     4 ||    48
Dodge: Dodged            |    24 |    95 |    35 ||   154

Table legend: (Time is in decaauts)
 A = Elapsed time spent in this place.
 B = Non-inter-level travel time spent in this place.
 C = Inter-level travel time spent in this place.
 D = Time resting spent in this place.
 E = Time spent auto-exploring this place.
 F = Levels seen in this place.
 G = Mean time per level.
                   A        B        C        D        E       F      G
               +--------+--------+--------+--------+--------+-----+--------+
         Total |   4090 |   4019 |     71 |     33 |   3037 |   5 |  818.0 |
       Dungeon |   4090 |   4019 |     71 |     33 |   3037 |   5 |  818.0 |
               +--------+--------+--------+--------+--------+-----+--------+

Top non-repeatable levels by time:
     D:1: 1116 daAuts
     D:3: 1044 daAuts
     D:4: 918 daAuts
     D:2: 891 daAuts
     D:5: 119 daAuts
